 Dungeon Crawl Stone Soup version 0.18-a0-1718-g40ea4b6 (webtiles) character file.

618 Ijustatesigmund the Skirmisher (level 7, -2/78 HPs)
             Began as an Ogre Hunter on Apr 8, 2016.
             Killed from afar by an orc wizard (10 damage)
             ... with a puff of frost
             ... on level 4 of the Dungeon.
             The game lasted 00:09:45 (3207 turns).

Ijustatesigmund the Skirmisher (Ogre Hunter)        Turns: 3207, Time: 00:09:46

Health: -2/78      AC:  8    Str: 18    XL:     7   Next: 45%
Magic:  7/7        EV: 10    Int: 11    God:
Gold:   164        SH:  0    Dex: 11    Spells: 0 memorised, 6 levels left

rFire  . . .     SeeInvis .     o - +0 giant spiked club
rCold  . . .     Gourm    .     b - +1 robe
rNeg   . . .     Faith    .     (shield currently unavailable)
rPois  .         Spirit   .     (helmet restricted)
rElec  .         Dismiss  .     (no cloak)
rCorr  .         Reflect  .     (gloves unavailable)
SustAt .         Harm     .     (boots unavailable)
MR     .....                    (no amulet)
Stlth  +.........               (no ring)
                                g - +4 ring of protection

@: lethally poisoned (-2 -> -5), not resistant to hostile enchantments, very
unstealthy
A: unfitting armour, tough skin 1
a: no special abilities


You were on level 4 of the Dungeon.
You were not hungry.

You visited 1 branch of the dungeon, and saw 4 of its levels.

You collected 164 gold pieces.

Inventory:

Hand Weapons
 a - a +0 short sword
 e - a +0 whip
 l - a +0 flail
 o - a +0 giant spiked club (weapon)
 s - the +7 quarterstaff "Rowaufei" {vamp, rC+ Int-3 Dex+4 SInv}
   (You found it on level 4 of the Dungeon)

   It inflicts no extra harm, but heals its wielder somewhat when it strikes a
   living foe.
   It affects your intelligence (-3).
   It affects your dexterity (+4).
   It protects you from cold.
   It lets you see invisible.
Missiles
 c - 5 large rocks (quivered)
 d - 2 throwing nets
Armour
 b - a +1 robe (worn)
Jewellery
 g - a +4 ring of protection (left hand)
Wands
 m - a wand of flame (27/48)
Scrolls
 h - 5 scrolls of remove curse
 k - a scroll of teleportation
 q - a scroll of magic mapping
 u - 2 scrolls of identify
Potions
 n - 2 potions of resistance
 t - a potion of cancellation {unknown}
Comestibles
 f - 3 bread rations
 i - 2 fruits
 p - 2 meat rations


   Skills:
 + Level 7.5 Fighting
 + Level 7.2 Maces & Flails
 - Level 4.0 Throwing
 - Level 1.7 Dodging
 - Level 0.7 Stealth


You had 6 spell levels left.
You didn't know any spells.

Dungeon Overview and Level Annotations

Branches:
Dungeon (4/15)
 Temple: D:4-7

Altars:
Gozag


Innate Abilities, Weirdness & Mutations

You are too large for most types of armour.
You have tough skin (AC +1).


Message History

* * * LOW HITPOINT WARNING * * *
Drink which item? (? for menu, Esc to quit)
You feel better. Something hits you but does no damage.
You barely miss something. Something hits you.
* * * LOW HITPOINT WARNING * * *
You are poisoned.
Something hits you.
* * * LOW HITPOINT WARNING * * *
You closely miss something.
You feel sick.
You hear some strange, mumbled words.
A puff of frost appears from out of thin air!
The puff of frost hits you!
* * * LOW HITPOINT WARNING * * *
Something hits you.
* * * LOW HITPOINT WARNING * * *
You miss something.
You hear some strange, mumbled words.
A puff of frost appears from out of thin air!
The puff of frost hits you!
You die...

.....#######.###.#
.....#
####.........# #.#
..o.)#
#.###########[#
.....# #.#
#.......###oo...#
#.# +.........o..#
#.# #.......######
#.# #.....oo# #.#
#######{# ####.#
#@# .....# #.#
######## #.#
.......# #.#
######.# #.. #.#
### #.# #.# #.#


You could see 2 orcs.

Vanquished Creatures
  The ghost of Zebura the Poker, an amateur MfWr (D:3)
  An ogre (D:4)
  A crimson imp (D:3)
  A hound (D:4)
  3 orc priests
  An orc wizard (D:4)
  Ijyb (D:2)
  Terence (D:2)
  A worker ant (D:4)
  6 adders
  2 worms
  3 dart slugs
  6 giant geckos
  14 orcs
  3 bats
  4 giant cockroaches
  6 goblins
  4 hobgoblins
  3 jackals (D:4)
  5 kobolds
  4 quokkas
  4 giant newts
  4 rats
79 creatures vanquished.

Notes
Turn   | Place    | Note
--------------------------------------------------------------
     0 | D:1      | Ijustatesigmund the Ogre Hunter began the quest for the Orb.
     0 | D:1      | Reached XP level 1. HP: 22/22 MP: 1/1
   110 | D:1      | Reached skill level 1 in Maces & Flails
   110 | D:1      | Reached XP level 2. HP: 26/31 MP: 2/2
   889 | D:2      | Reached XP level 3. HP: 39/39 MP: 3/3
   948 | D:2      | Noticed Ijyb
   952 | D:2      | Killed Ijyb
  1007 | D:2      | Reached XP level 4. HP: 48/48 MP: 4/4
  1180 | D:2      | Noticed Terence
  1182 | D:2      | Killed Terence
  1355 | D:2      | Reached XP level 5. HP: 31/55 MP: 5/5
  1628 | D:3      | Noticed Zebura's ghost (amateur MfWr)
  1661 | D:3      | Killed Zebura's ghost
  1661 | D:3      | Reached skill level 5 in Fighting
  1661 | D:3      | Reached skill level 5 in Maces & Flails
  1661 | D:3      | Reached XP level 6. HP: 62/67 MP: 6/6
  1756 | D:3      | Found an opulent altar of Gozag.
  2544 | D:4      | Reached XP level 7. HP: 76/76 MP: 7/7
  2670 | D:4      | Got an encrusted quarterstaff
  2873 | D:4      | Identified the +7 quarterstaff "Rowaufei" {vamp, rC+ Int-3 Dex+4 SInv} (You found it on level 4 of the Dungeon)
  3207 | D:4      | Killed from afar by an orc wizard

Vault maps used:
D:1:      dpeg_arrival_rooms_with_view, kennysheep_crisscross,
          minmay_tree_intersection
D:2:      first_bread, uniq_terence, uniq_iyjb
D:3:      nicolae_gozag_seed_capital

Skill      XL: |  1  2  3  4  5  6  7 |
---------------+----------------------+-----
Fighting       | 3 4 5 6 7 |  7.5
Maces & Flails | 1 2 3 4 5 6 7 |  7.2
Throwing       | |  4.0
Dodging        | |  1.7
Stealth        | |  0.7

Action                   |  1- 3 |  4- 6 |  7- 9 || total
-------------------------+-------+-------+-------++-------
Melee: Whip              |    43 |    31 |       ||    74
       Short sword       |     5 |       |       ||     5
       Flail             |       |   132 |    39 ||   171
       Giant spiked club |       |       |    21 ||    21
Throw: Large rock        |     5 |    17 |     5 ||    27
  Use: Scroll            |       |     4 |     5 ||     9
       Potion            |       |       |     2 ||     2
 Stab: Sleeping          |       |     1 |     1 ||     2
  Eat: Chunk             |       |     4 |     2 ||     6
       Fruit             |       |     1 |     1 ||     2
